 Dungeon Crawl Stone Soup version 0.22-a0-880-gb7b0c8b (webtiles) character file.

67 jjfam the Skirmisher (level 3, -1/34 HPs)
             Began as a Minotaur Berserker on July 30, 2018.
             Was a Believer of Trog.
             Killed from afar by an orc wizard (4 damage)
             ... with a magic dart
             ... on level 2 of the Dungeon.
             The game lasted 00:03:02 (1473 turns).

jjfam the Skirmisher (Minotaur Berserker)           Turns: 1473, Time: 00:03:03

Health: -1/34      AC:  3    Str: 22    XL:     3   Next: 98%
Magic:  2/2        EV: 12    Int:  4    God:    Trog [**....]
Gold:   80         SH:  0    Dex:  9    Spells: 2/2 levels left

rFire    . . .     SeeInvis .   f - +2 short sword (freeze)
rCold    . . .     Gourm    .   (no shield)
rNeg     . . .     Faith    .   l - +0 leather armour (curse)
rPois    .         Spirit   .   (helmet restricted)
rElec    .         Reflect  .   (no cloak)
rCorr    .         Harm     .   (no gloves)
MR       .....                  (no boots)
Stlth    ..........             (no amulet)
HPRegen  0.11/turn              (no ring)
MPRegen  0.08/turn              (no ring)

@: confused
A: retaliatory headbutt, horns 2
a: Berserk, Trog's Hand, Renounce Religion


You were on level 2 of the Dungeon.
You worshipped Trog.
Trog was pleased with you.
You were not hungry.

You visited 1 branch of the dungeon, and saw 2 of its levels.

You collected 80 gold pieces.

Inventory:

Hand Weapons
 a - a +0 hand axe
 f - a +2 short sword of freezing (weapon)
 k - a cursed +0 short sword
Armour
 l - a cursed +0 leather armour (worn)
 m - a +0 leather armour
Jewellery
 h - an uncursed amulet of faith {unknown}
Scrolls
 g - 2 scrolls of enchant weapon {unknown}
 i - a scroll of magic mapping {unknown}
 j - a scroll of fog {unknown}
 n - 2 scrolls of random uselessness {unknown}
Potions
 b - a potion of curing {unknown}
 d - a potion of might {unknown}
 e - a potion of lignification {unknown}
Comestibles
 c - 6 rations
 o - 4 chunks of flesh


   Skills:
 + Level 4.4 Fighting
 + Level 1.3 Short Blades
 - Level 3.9 Axes
 + Level 3.1 Armour
 + Level 3.0 Dodging


You had 2 spell levels left.
You didn't know any spells.
Your spell library was empty.

Dungeon Overview and Level Annotations

Branches:
Dungeon (2/15)

Altars:
Uskayaw


Innate Abilities, Weirdness & Mutations

You reflexively headbutt those who attack you in melee.
You have a pair of horns on your head.


Message History

The orc is severely wounded.
You hear some strange, mumbled words.
You are confused.
You are too confused!
You are too confused!
You are too confused!
Unknown command.
Unknown command.
You barely miss something. Your headbutt misses something.
The orc hits you with a falchion. Something hits you.
You hit something. You freeze something. The orc hits you with a falchion.
* * * LOW HITPOINT WARNING * * *
Something hits you.
* * * LOW HITPOINT WARNING * * *
You barely miss something. The orc closely misses you.
Something hits you but does no damage.
You hear some strange, mumbled words.
A magic dart appears from out of thin air!
The magic dart hits you!
You die...

##...#........##.#
.....####.#<#.##.#
##..#####.#...)..#
##........###)####
##.######## #...#
...# ###.#
###..... ######.##
## . ... #.......#
.# . . #.####o@#
.# #g){.# ≈#
#.##.# ≈# ..r #.#
≈# #... ..# .#
...#. ### .# #...
≈# ..## .##.


You could see an orc and a goblin.

Vanquished Creatures
  A jelly (D:2)
  An ooze (D:2)
  2 orcs (D:2)
  A giant cockroach (D:2)
  2 goblins
  3 hobgoblins
  4 jackals (D:2)
  2 kobolds
  A ball python (D:2)
  7 bats
  3 frilled lizards (D:1)
  4 rats
31 creatures vanquished.

Notes
Turn   | Place    | Note
-------+----------+-------------------------------------------
     0 | D:1      | jjfam the Minotaur Berserker began the quest for the Orb.
     0 | D:1      | Reached XP level 1. HP: 19/19 MP: 0/0
   317 | D:1      | Reached XP level 2. HP: 27/27 MP: 1/1
   519 | D:1      | Reached skill level 4 in Fighting
  1039 | D:2      | Found a hide-covered altar of Uskayaw.
  1093 | D:2      | Found a faded altar of an unknown god.
  1235 | D:2      | Reached skill level 1 in Short Blades
  1235 | D:2      | Reached XP level 3. HP: 19/34 MP: 2/2
  1463 | D:2      | Reached ** piety under Trog
  1473 | D:2      | Killed from afar by an orc wizard

Vault maps used:
D:1:      lemuel_arrival_lava_pool
D:2:      eat_drink_and_be_merry_uskayaw, chequers_ecumenical_altar_island

Skill      XL: |  1  2  3 |
---------------+----------+-----
Fighting       | 4 |  4.4
Short Blades   | 1 |  1.3
Armour         | 3 |  3.1
Dodging        | 3 |  3.0
Axes           | |  3.9

Action                   || total
-------------------------++-------
Melee: Hand axe          ||    25
       Headbutt          ||    10
       Short sword       ||    44
  Eat: Chunk             ||     2
Armor: Animal skin       ||     3
       Leather armour    ||     6
Dodge: Dodged            ||    35

Table legend:
 A = Spawn XP
 B = Non-spawn XP
 C = Spawn XP percentage of total XP
 D = Spawn monster count
 E = Non-spawn monster count
 F = Spawn count percentage of total count
 G = Total turns spent on level
                    A         B        C        D         E        F      G
               +---------+---------+-------+---------+---------+-------+---------
         Total |       0 |      96 |   0.0 |       0 |      31 |   0.0 |  1473
               +---------+---------+-------+---------+---------+-------+---------
           D:1 |       0 |      16 |   0.0 |       0 |      12 |   0.0 |   771
           D:2 |       0 |      80 |   0.0 |       0 |      19 |   0.0 |   702
               +---------+---------+-------+---------+---------+-------+---------
